 Dungeon Crawl Stone Soup version 0.30-a0-728-gc68057be0a (webtiles) character file.

Game seed: 16207486033202745880

359 hikkokomori the Conjurer (level 6, -3/38 HPs)
             Began as a Tengu Reaver on Feb 1, 2023.
             Slain by an orc warrior
             ... wielding a +0 battleaxe
              (21 damage)
             ... on level 4 of the Dungeon.
             The game lasted 00:04:05 (3109 turns).

hikkokomori the Conjurer (Tengu Reaver)             Turns: 3109, Time: 00:04:06

Health: -3/38      AC:  4    Str: 12    XL:     6   Next: 65%
Magic:  10/10      EV: 14    Int: 14    God:
Gold:   181        SH:  0    Dex: 14    Spells: 7/10 levels left

rFire   . . .      SeeInvis .    g - +2 whip (elec)
rCold   . . .      Faith    .    (no shield)
rNeg    . . .      Spirit   .    b - +1 leather armour
rPois   .          Reflect  .    (helmet restricted)
rElec   .          Harm     .    (no cloak)
rCorr   .          Rampage  .    (no gloves)
Will    +....                    (boots unavailable)
Stlth   +                        (no amulet)
HPRegen 0.26/turn                d - ring of willpower
MPRegen 0.12/turn                (no ring)

@: flying quickly and evasively, quick
A: beak, talons 3, nimble flight
a: no special abilities


You were on level 4 of the Dungeon.
You visited 1 branch of the dungeon, and saw 4 of its levels.

You collected 181 gold pieces.

Inventory:

Hand Weapons
 a - a +0 falchion
 g - a +2 whip of electrocution (weapon)
Missiles
 k - 6 silver javelins
 n - 4 poisoned darts
 t - 4 javelins
Armour
 b - a +1 leather armour (worn)
Jewellery
 d - a ring of willpower (left hand)
Wands
 u - a wand of flame (28)
Scrolls
 f - 2 scrolls of magic mapping
 j - a scroll of fear {unknown}
 l - a scroll of enchant armour
 p - 2 scrolls of teleportation
Potions
 c - a potion of invisibility {unknown}
 e - a potion of flight {unknown}
 h - 2 potions of degeneration {unknown}
 i - a potion of resistance {unknown}
 m - 2 potions of lignification {unknown}
 o - a potion of ambrosia {unknown}
 q - a potion of haste {unknown}
 r - a potion of curing {unknown}
 s - a potion of heal wounds {unknown}


   Skills:
 + Level 3.8 Fighting
 - Level 3.6 Long Blades
 + Level 2.9 Maces & Flails
 + Level 2.4 Throwing
 - Level 2.2 Dodging
 - Level 2.5 Spellcasting
 + Level 5.8 Conjurations


You had 7 spell levels left.
You knew the following spells:

 Your Spells              Type           Power      Damage    Failure   Level
a - Kiss of Death         Conj/Necr      40%        2d8       9%          1
b - Momentum Strike       Conj/Tloc      20%        3d8       13%         2

Your spell library contained the following spells:

 Spells                   Type           Power      Damage    Failure   Level
 Hailstorm                Conj/Ice       10%        3d5       26%         3
 Lesser Beckoning         Tloc           2%         N/A       41%         2
 Gell's Gravitas          Tloc           1%         N/A       65%         3
 Teleport Other           Tloc           1%         N/A       65%         3


Dungeon Overview and Level Annotations

Branches:
Dungeon (4/15)
 Temple: D:4-7

Altars:
Nemelex Xobeh
Qazlal
Xom
Zin

Shops:
D:1 !

Annotations:
D:2 1 runed translucent door, Crazy Yiuf


Innate Abilities, Weirdness & Mutations

You have a beak for a mouth.
You have claws for feet.
Your magical nature lets you fly swiftly and evasively.


Message History

Okay, then.
You completely miss the orc warrior. Your kick misses the orc warrior.
You peck the orc warrior.
The orc warrior is lightly wounded.
You hit the orc warrior.
You claw the orc warrior, but do no damage.
You peck the orc warrior, but do no damage.
The orc warrior is moderately wounded.
The orc warrior misses you.
An orc comes into view. It is wielding a +0 hand axe.
You closely miss the orc warrior.
The orc shouts!
You peck the orc warrior, but do no damage.
The orc warrior is moderately wounded.
The orc warrior hits you with a +0 battleaxe!
You hit the orc warrior. You claw the orc warrior.
The orc warrior is heavily wounded.
The orc warrior barely misses you.
You hit the orc warrior but do no damage.
You peck the orc warrior, but do no damage.
The orc warrior is heavily wounded.
The orc warrior closely misses you.
You closely miss the orc warrior.
The orc warrior is heavily wounded.
The orc warrior barely misses you.
You barely miss the orc warrior. Your kick misses the orc warrior.
The orc warrior is heavily wounded.
The orc warrior closely misses you.
You hit the orc warrior but do no damage.
You claw the orc warrior, but do no damage.
The orc warrior is heavily wounded.
The orc warrior closely misses you.
You hit the orc warrior but do no damage.
The orc warrior is heavily wounded.
The orc warrior hits you with a +0 battleaxe!
You hit the orc warrior. Your kick misses the orc warrior.
The orc warrior is heavily wounded.
The orc warrior hits you with a +0 battleaxe!!
Ouch! That really hurt!
You die...

#..#.+...+ ..#.#...#
....... +##'.#._.#
....... #..#.#..)# ......
#..#.'...+ #...#
#.+.o'###+###+ #...#
#.#.o#.......#
###...######.#oo#.......#
.............###@###+###+
.................###.###
........................
................########
................#
................#
................#
......####'######
......+....#


You could see an orc warrior and 3 orcs.

Vanquished Creatures
  An ogre (D:4)
  A phantom (D:3)
  A scorpion (D:4)
  3 gnolls (D:3)
  7 adders
  A worm (D:2)
  A dart slug (D:1)
  An orc (D:3)
  5 ball pythons
  5 endoplasms
  4 giant cockroaches
  5 goblins
  5 hobgoblins
  4 kobolds
  A quokka (D:2)
  2 bats
  6 frilled lizards
  10 rats
63 creatures vanquished.

Notes
Turn   | Place    | Note
-------+----------+-------------------------------------------
     0 | D:1      | hikkokomori the Tengu Reaver began the quest for the Orb.
     0 | D:1      | Reached XP level 1. HP: 12/12 MP: 4/4
   201 | D:1      | Reached XP level 2. HP: 12/17 MP: 6/6
   361 | D:1      | Found Heuceisch's Distillery.
   493 | D:1      | Reached XP level 3. HP: 22/22 MP: 7/7
   787 | D:2      | Found a runed translucent door.
   788 | D:2      | Noticed Crazy Yiuf
   967 | D:2      | Learned a level 2 spell: Momentum Strike
   974 | D:2      | Found a stormy altar of Qazlal.
   991 | D:2      | Reached XP level 4. HP: 16/27 MP: 8/8
  1271 | D:2      | Reached skill level 1 in Maces & Flails
  1919 | D:3      | Found a shimmering altar of Xom.
  1948 | D:3      | Reached skill level 1 in Throwing
  2092 | D:3      | Reached skill level 5 in Conjurations
  2092 | D:3      | Gained mutation: Your magical nature lets you fly swiftly
                  | and evasively. [Tengu growth]
  2092 | D:3      | Reached XP level 5. HP: 28/32 MP: 9/9
  2321 | D:3      | Noticed a phantom
  2331 | D:3      | Killed a phantom
  2752 | D:3      | Found a glowing silver altar of Zin.
  2893 | D:4      | Reached XP level 6. HP: 34/37 MP: 10/10
  3086 | D:4      | Found a sparkling altar of Nemelex Xobeh.
  3089 | D:4      | Noticed an orc warrior
  3109 | D:4      | Slain by an orc warrior

Illustrated notes

Levels and vault maps discovered:
D:1:      psy_arrival_whirlpool, layout_rooms, serial_shops,
          nicolae_shop_hallway_plus, grunt_decor_cap, st_stairs_2
D:2:      layout_basic, basic_altar, amcnicky_mini_corridor_feature,
          uniq_crazy_yiuf_cottage
D:3:      layout_basic, xom_butterflies, zin_treasury
D:4:      layout_basic, mainiacjoe_overflow_24_doors, minmay_cut_off

Skill      XL: |  1  2  3  4  5 |
---------------+----------------+-----
Maces & Flails | 1 2 |  2.9
Fighting       | 3 |  3.8
Throwing       | 1 2 |  2.4
Conjurations   | 5 |  5.8
Long Blades    | |  3.6
Dodging        | |  2.2
Spellcasting   | |  2.5

Action                     |  1- 3 |  4- 6 || total
---------------------------+-------+-------++-------
  Melee: Falchion          |    54 |       ||    54
         Kick              |    13 |    24 ||    37
         Peck              |     8 |    15 ||    23
         Punch             |     1 |     2 ||     3
         Whip              |    23 |    91 ||   114
  Throw: Dart              |       |     1 ||     1
         Javelin           |       |     1 ||     1
    Use: Scroll            |       |     5 ||     5
   Stab: Sleeping          |     1 |     2 ||     3
 Armour: Leather armour    |    21 |    12 ||    33
  Dodge: Dodged            |    42 |    46 ||    88

Table legend: (Time is in decaauts)
 A = Elapsed time spent in this place.
 B = Non-inter-level travel time spent in this place.
 C = Inter-level travel time spent in this place.
 D = Time resting spent in this place.
 E = Time spent auto-exploring this place.
 F = Levels seen in this place.
 G = Mean time per level.
                   A        B        C        D        E       F      G
               +--------+--------+--------+--------+--------+-----+--------+
         Total |   3037 |   2935 |    102 |      3 |   2503 |   4 |  759.2 |
       Dungeon |   3037 |   2935 |    102 |      3 |   2503 |   4 |  759.2 |
               +--------+--------+--------+--------+--------+-----+--------+

Top non-repeatable levels by time:
     D:2: 1200 daAuts
     D:3: 947 daAuts
     D:1: 662 daAuts
     D:4: 227 daAuts
